 Dungeon Crawl Stone Soup version 0.20-a0-453-g91466d2 (webtiles) character file.

189 Kriby the Magician (level 5, 0/35 HPs)
             Began as a Mummy Fire Elementalist on Jan 8, 2017.
             Killed from afar by an orc wizard (9 damage)
             ... with a magic dart
             ... on level 3 of the Dungeon.
             The game lasted 00:03:23 (3672 turns).

Kriby the Magician (Mummy Fire Elementalist)        Turns: 3672, Time: 00:03:24

Health: 0/35       AC:  1    Str: 11    XL:     5   Next: 40%
Magic:  1/11       EV: 12    Int: 15    God:
Gold:   121        SH:  0    Dex: 13    Spells: 8/12 levels left

rFire  x . .     SeeInvis .     f - +0 dagger
rCold  + . .     Gourm    .     a - +0 robe
rNeg   + + +     Faith    .     (no shield)
rPois  ∞         Spirit   .     c - -2 helmet (curse)
rElec  .         Reflect  .     (no cloak)
rCorr  .         Harm     .     (no gloves)
MR     .....                    (no boots)
Stlth  ++........               (no amulet)
                                (no ring)
                                (no ring)

@: slowed, very slow
A: no food or potions, fire vulnerability, cold resistance 1, negative energy
resistance 3, torment resistance, unbreathing
a: no special abilities


You were on level 3 of the Dungeon.
You were not hungry.

You visited 1 branch of the dungeon, and saw 3 of its levels.

You collected 121 gold pieces.

Inventory:

Hand Weapons
 f - a +0 dagger (weapon)
Armour
 a - a +0 robe (worn)
 c - a cursed -2 helmet (worn)
Jewellery
 i - an uncursed ring of wizardry {unknown}
Scrolls
 d - 2 scrolls of remove curse {unknown}
 e - 3 scrolls of identify {unknown}
 g - 2 scrolls of amnesia {unknown}
 h - a scroll of fog {unknown}
 j - a scroll of magic mapping {unknown}
 k - a scroll of enchant armour {unknown}
Books
 b - a book of Flames

   Spells                             Type                      Level
   a - Flame Tongue                   Conjuration/Fire             1
   b - Throw Flame                    Conjuration/Fire             2
   c - Conjure Flame                  Conjuration/Fire             3
   d - Inner Flame                    Hexes/Fire                   3
   e - Sticky Flame                   Conjuration/Fire             4
   f - Fireball                       Conjuration/Fire             5


   Skills:
 - Level 1.5 Dodging
 - Level 1.5 Stealth
 + Level 4.0 Spellcasting
 * Level 2.8 Conjurations
 * Level 3.5 Fire Magic


You had 8 spell levels left.
You knew the following spells:

 Your Spells              Type           Power        Failure   Level  Hunger
a - Flame Tongue          Conj/Fire      ##...        6%          1    N/A
b - Conjure Flame         Conj/Fire      ##......     17%         3    N/A

Dungeon Overview and Level Annotations

Branches:
Dungeon (3/15)

Altars:


Innate Abilities, Weirdness & Mutations

You do not eat or drink.
Your flesh is vulnerable to fire.
You are immune to poison.
Your flesh is cold resistant. (rC+)
You are immune to negative energy. (rN+++)
You are immune to unholy pain and torment.
You can survive without breathing.


Message History

Casting: Flame Tongue
Confirm with . or Enter, or press ? or * to list all spells.
You don't have enough magic to cast that spell.
Casting: Flame Tongue
Confirm with . or Enter, or press ? or * to list all spells.
You don't have enough magic to cast that spell.
You hit the orc wizard but do no damage.
The orc wizard is almost dead.
The orc wizard closely misses you.
The orc wizard hits you but does no damage.
The orc wizard hits you with a dagger.
* * * LOW HITPOINT WARNING * * *
Your magical contamination has completely faded away.
You closely miss the orc wizard.
The orc wizard is almost dead.
The orc wizard mumbles some strange words.
The orc wizard blinks!
The orc wizard points at you and mumbles some strange words.
The magic dart hits you!
You die...

#...........# #..#
#........<.. #...........#
##.###.#.........
.........)..# #..##.#.........
.....)......# ##.##.#.........
.###........# #.##.#.........
#........# #..#.#.........
#........# ##.#.#.........
#........########...#.........
##......o...§@.###..#.........
#.###########)# #..#.........
#. )# #..#......... .#
##>...####### .# ####.# .# #.#
.# #.# .. ..# ###


You could see an orc wizard.

Vanquished Creatures
  An orc priest (D:3)
  6 adders
  An ooze (D:1)
  A worm (D:3)
  A dart slug (D:1)
  3 leopard geckos (D:1)
  14 orcs
  A ball python (D:1)
  12 bats
  4 giant cockroaches
  6 goblins
  9 hobgoblins
  3 frilled lizards
  9 kobolds
  8 rats
79 creatures vanquished.

Notes
Turn   | Place    | Note
-------+----------+-------------------------------------------
     0 | D:1      | Kriby the Mummy Fire Elementalist began the quest for the Orb.
     0 | D:1      | Reached XP level 1. HP: 13/13 MP: 4/4
   119 | D:1      | Reached skill level 1 in Conjurations
   298 | D:1      | Reached XP level 2. HP: 19/19 MP: 2/5
   700 | D:1      | Reached skill level 3 in Spellcasting
   737 | D:1      | Reached XP level 3. HP: 24/24 MP: 4/7
  1738 | D:2      | Learned a level 3 spell: Conjure Flame
  1901 | D:2      | Reached XP level 4. HP: 26/30 MP: 2/9
  3089 | D:3      | Reached XP level 5. HP: 14/35 MP: 1/10
  3119 | D:3      | Reached skill level 4 in Spellcasting
  3672 | D:3      | Killed from afar by an orc wizard

Vault maps used:
D:1:      elethiomel_arrival_shortcut
D:2:      mrwooster_statue_mirror
D:3:      lemuel_crystal_altar, first_bread

Skill      XL: |  1  2  3  4  5 |
---------------+----------------+-----
Conjurations   | 1 2 |  2.8
Spellcasting   | 3 4 |  4.0
Fire Magic     | 3 |  3.5
Dodging        | |  1.5
Stealth        | |  1.5

Action                   |  1- 3 |  4- 6 || total
-------------------------+-------+-------++-------
Melee: Unarmed           |     7 |       ||     7
       Dagger            |    11 |    27 ||    38
 Cast: Flame Tongue      |    74 |    92 ||   166
Armor: Robe              |     7 |     5 ||    12
Dodge: Dodged            |    43 |    50 ||    93
